 Dungeon Crawl Stone Soup version 0.26-a0-708-g17f3b190f9 (webtiles) character file.

Game seed: 13921098387593075924

4141 robertstho the Magician (level 10, -9/74 HPs)
             Began as a Gnoll Air Elementalist on Oct 27, 2020.
             Was a Believer of Sif Muna.
             Shot with an arrow by a centaur warrior (21 damage)
             ... on level 9 of the Dungeon.
             The game lasted 00:20:43 (11504 turns).

robertstho the Magician (Gnoll Air Elementalist)   Turns: 11504, Time: 00:20:45

Health: -9/74      AC:  5    Str: 11    XL:     10   Next: 27%
Magic:  10/20      EV: 31    Int: 21    God:    Sif Muna [**....]
Gold:   122        SH:  0    Dex: 15    Spells: 8/23 levels left

rFire    . . .     SeeInvis +   J - +1 spear (venom)
rCold    . . .     Faith    .   (no shield)
rNeg     . . .     Spirit   .   x - +2 robe {MR+}
rPois    .         Reflect  .   m - +0 helmet
rElec    .         Harm     .   (no cloak)
rCorr    .         Rampage  .   (no gloves)
MR       +....                  (no boots)
Stlth    +++.......             r - amulet of the acrobat
HPRegen  0.22/turn              y - ring of see invisible
MPRegen  0.17/turn              (no ring)

@: lethally poisoned (-9 -> -21), acrobat, very slightly contaminated
A: distributed training, fangs 1, strong nose
a: Channel Magic, Renounce Religion


You were on level 9 of the Dungeon.
You worshipped Sif Muna.
Sif Muna was pleased with you.
You visited 2 branches of the dungeon, and saw 10 of its levels.
You also visited: Sewer.

You collected 611 gold pieces.
You spent 489 gold pieces at shops.

Inventory:

Hand Weapons
 D - a +4 trident
 H - the +1 dagger of Untruth {vorpal, MR++ Int+3 Dex+3 Stlth-}
   (You found it on level 7 of the Dungeon)

   It inflicts extra damage upon your enemies.
   It affects your intelligence (+3).
   It affects your dexterity (+3).
   It affects your resistance to hostile enchantments.
   It makes you less stealthy.
 J - a +1 spear of venom (weapon)
Missiles
 g - 9 poisoned darts (quivered)
Armour
 m - a +0 helmet (worn)
 x - a +2 robe of magic resistance (worn)
Jewellery
 r - an amulet of the acrobat (around neck)
 y - a ring of see invisible (left hand)
Scrolls
 c - a scroll of enchant armour {unknown}
 e - 4 scrolls of teleportation
 h - 3 scrolls of immolation
 j - a scroll of silence {unknown}
 n - a scroll of random uselessness {unknown}
 q - 5 scrolls of magic mapping
 s - a scroll of blinking
 w - a scroll of enchant weapon {unknown}
 z - 3 scrolls of remove curse
 A - 2 scrolls of amnesia {unknown}
 B - a scroll of fear
 E - a scroll of fog {unknown}
 L - a scroll of brand weapon
Potions
 a - a potion of ambrosia {unknown}
 b - 7 potions of curing
 d - 2 potions of magic
 f - a potion of invisibility
 l - 2 potions of brilliance
 o - 2 potions of cancellation
 p - a potion of berserk rage
 t - 4 potions of flight
 u - 4 potions of heal wounds
 v - 2 potions of stabbing
 F - a potion of resistance
 G - a potion of might


   Skills:
 + Level 5.1 Fighting
 + Level 5.1 Short Blades
 + Level 5.1 Long Blades
 + Level 5.1 Axes
 + Level 5.1 Maces & Flails
 + Level 5.1 Polearms
 + Level 5.1 Staves
 + Level 5.1 Slings
 + Level 5.1 Bows
 + Level 5.1 Crossbows
 + Level 5.1 Throwing
 + Level 5.1 Armour
 + Level 6.9 Dodging
 + Level 6.7 Stealth
 + Level 5.1 Shields
 + Level 5.1 Unarmed Combat
 + Level 7.2 Spellcasting
 + Level 4.8 Conjurations
 + Level 4.2 Hexes
 + Level 4.2 Summonings
 + Level 4.2 Necromancy
 + Level 4.2 Translocations
 + Level 4.2 Transmutations
 + Level 4.2 Fire Magic
 + Level 4.2 Ice Magic
 + Level 7.0 Air Magic
 + Level 4.2 Earth Magic
 + Level 4.2 Poison Magic
 + Level 5.6 Invocations
 + Level 5.1 Evocations


You had 8 spell levels left.
You knew the following spells:

 Your Spells              Type           Power        Failure   Level
a - Shock                 Conj/Air       ####         1%          1
b - Swiftness             Air            #####...     1%          2
c - Static Discharge      Conj/Air       ####....     2%          3
d - Airstrike             Air            #####.....   4%          4
e - Lightning Bolt        Conj/Air       ####......   22%         5

Your spell library contained the following spells:

 Spells                   Type           Power        Failure   Level
 Animate Skeleton         Necr           ####..       1%          1
 Apportation              Tloc           ####..       1%          1
 Corona                   Hex            ####...      1%          1
 Freeze                   Ice            ####         1%          1
 Summon Small Mammal      Summ           ####         1%          1
 Call Imp                 Summ           ####....     2%          2
 Call Canine Familiar     Summ           ####....     4%          3
 Frozen Ramparts          Ice            ####..       4%          3
 Ozocubu's Armour         Ice            ####....     4%          3
 Summon Guardian Golem    Hex/Summ       ####....     4%          3
 Summon Lightning Spire   Summ/Air       ####....     9%          4
 Hailstorm                Conj/Ice       ####....     13%         4
 Summon Ice Beast         Ice/Summ       ####....     16%         4


Dungeon Overview and Level Annotations

Branches:
Dungeon (9/15)             Temple (1/1) D:5           Sewer (visited)
   Lair: D:8-11         Orc: D:9-12

Altars:
Ashenzari
Cheibriados
Dithmenos
Fedhas
Gozag
Kikubaaqudgha
Nemelex Xobeh
Okawaru
Qazlal
Ru
Sif Muna
Trog
Uskayaw
Vehumet
Xom
Yredelemnul
Zin
Beogh

Shops:
D:7 ?   D:8 *

Annotations:
D:7 3 runed translucent doors, stormannnn's ghost, novice TrBe
D:9 Erica


Innate Abilities, Weirdness & Mutations

Your experience applies equally to all skills.
You have very sharp teeth.
Your uncanny sense of smell can sniff out nearby items.


Message History

Casting: Airstrike (dangerous; 4% risk of failure)
Confirm with . or Enter, or press ? or * to list all spells.
Aiming: Airstrike (dangerous; 4% risk of failure)
Press: ? - help, Dir - move target cursor, f/p - Erica
Aim: Erica, wielding a +2 scimitar of flaming and wearing a +0 robe (severely wounded)
The air twists around and strikes Erica!
Erica is severely wounded.
You feel less invigorated.
Erica hits you with a +2 scimitar of flaming!
Erica burns you.
You hit Erica.
Erica is poisoned.
Erica is almost dead.
A centaur warrior comes into view.
Erica gestures at you while chanting. The bolt of poison hits you!!
You are poisoned.
* * * LOW HITPOINT WARNING * * *
The centaur warrior wields a +0 longbow.
The centaur warrior shoots an arrow.
The arrow hits you!!
You die...

... .... ....
∆# ...
#.#######.#
#+#.........#
.......<....#
.......@....#
c...........#
#########@..#
#...# #...#
#...# #...#
#...# #...+


You could see Erica (very poisoned) and a centaur warrior.

Vanquished Creatures
  2 two-headed ogres (D:8)
  Eustachio (D:5)
  Duvessa (D:7)
  3 orc warriors
  2 ice beasts
  A sky beast (D:5)
  A black bear (D:5)
  A phantom (D:8)
  2 centaurs
  A big kobold (Sewer)
  2 bullfrogs (D:6)
  Dowan (D:7)
  2 scorpions
  3 wights (D:6)
  4 howler monkeys
  A bullfrog zombie (D:6)
  6 hounds
  A jelly (D:2)
  4 orc priests
  2 bullfrog skeletons
  Terence (D:2)
  2 iguanas
  4 worker ants
  6 orc wizards
  A hound zombie (D:7)
  A howler monkey zombie (D:8)
  12 gnolls
  A howler monkey skeleton (D:8)
  2 river rats (Sewer)
  6 adders
  A white imp (D:5)
  An ooze (D:2)
  An adder zombie (D:6)
  An adder skeleton (D:4)
  2 worms (D:6)
  A dart slug (D:1)
  7 leopard geckos
  34 orcs
  6 bats
  12 giant cockroaches
  6 hobgoblins
  12 jackals
  2 quokkas
  9 frilled lizards
  A giant cockroach zombie (D:5)
  6 goblins
  8 kobolds
  A leopard gecko zombie (D:6)
  A quokka zombie (D:6)
  11 rats
200 creatures vanquished.

Notes
Turn   | Place    | Note
-------+----------+-------------------------------------------
     0 | D:1      | robertstho the Gnoll Air Elementalist began the quest for
                  | the Orb.
     0 | D:1      | Reached XP level 1. HP: 13/13 MP: 6/6
   192 | D:1      | Reached XP level 2. HP: 19/19 MP: 5/7
   714 | D:1      | Reached XP level 3. HP: 25/25 MP: 5/9
   771 | D:1      | Reached skill level 5 in Spellcasting
   775 | D:1      | Learned a level 2 spell: Swiftness
   779 | D:1      | Learned a level 3 spell: Static Discharge
   964 | D:2      | Reached skill level 1 in Invocations
   977 | D:2      | Reached skill level 1 in Fighting
   977 | D:2      | Reached skill level 1 in Short Blades
   977 | D:2      | Reached skill level 1 in Long Blades
   977 | D:2      | Reached skill level 1 in Axes
   977 | D:2      | Reached skill level 1 in Maces & Flails
   977 | D:2      | Reached skill level 1 in Polearms
   977 | D:2      | Reached skill level 1 in Staves
   977 | D:2      | Reached skill level 1 in Slings
   977 | D:2      | Reached skill level 1 in Bows
   977 | D:2      | Reached skill level 1 in Crossbows
   977 | D:2      | Reached skill level 1 in Throwing
   977 | D:2      | Reached skill level 1 in Armour
   977 | D:2      | Reached skill level 1 in Shields
   977 | D:2      | Reached skill level 1 in Unarmed Combat
   977 | D:2      | Reached skill level 1 in Evocations
   977 | D:2      | Reached XP level 4. HP: 32/32 MP: 0/11
  1072 | D:2      | Noticed Terence
  1080 | D:2      | Killed Terence
  1080 | D:2      | Reached skill level 1 in Hexes
  1080 | D:2      | Reached skill level 1 in Summonings
  1080 | D:2      | Reached skill level 1 in Necromancy
  1080 | D:2      | Reached skill level 1 in Translocations
  1080 | D:2      | Reached skill level 1 in Transmutations
  1080 | D:2      | Reached skill level 1 in Fire Magic
  1080 | D:2      | Reached skill level 1 in Ice Magic
  1080 | D:2      | Reached skill level 1 in Earth Magic
  1080 | D:2      | Reached skill level 1 in Poison Magic
  1276 | D:2      | Reached XP level 5. HP: 23/37 MP: 12/12
  1630 | D:2      | Found a faded altar of an unknown god.
  2105 | D:3      | You fall into a shaft and drop 2 floors!
  2105 | D:5      | Entered Level 5 of the Dungeon
  2225 | D:3      | Found a glowing drain.
  2240 | Sewer    | Entered a sewer
  2362 | Sewer    | Noticed a big kobold
  2371 | Sewer    | Killed a big kobold
  2371 | Sewer    | Reached XP level 6. HP: 32/44 MP: 7/14
  2467 | Sewer    | Found a glowing silver altar of Zin.
  2958 | D:4      | Reached skill level 5 in Dodging
  3206 | D:4      | Learned a level 4 spell: Airstrike
  3212 | D:4      | Learned a level 5 spell: Lightning Bolt
  4618 | D:5      | Noticed Eustachio
  4890 | D:5      | Noticed a sky beast
  4892 | D:5      | Killed a sky beast
  4892 | D:5      | Reached XP level 7. HP: 51/51 MP: 6/15
  5499 | D:5      | Found a staircase to the Ecumenical Temple.
  5511 | Temple   | Entered the Ecumenical Temple
  5642 | Temple   | Became a worshipper of Sif Muna the Loreminder
  5683 | D:5      | Reached skill level 5 in Stealth
  5975 | D:5      | Killed Eustachio
  5975 | D:5      | Reached XP level 8. HP: 54/58 MP: 0/16
  7008 | D:6      | Reached XP level 9. HP: 51/65 MP: 8/18
  7150 | D:6      | Reached * piety under Sif Muna
  7822 | D:7      | Got a bloodstained dagger
  7822 | D:7      | Identified the cursed +1 dagger of Untruth {vorpal, MR++
                  | Int+3 Dex+3 Stlth-} (You found it on level 7 of the
                  | Dungeon)
  8310 | D:7      | Found a runed translucent gate.
  8311 | D:7      | Noticed stormannnn's ghost (novice TrBe)
  8319 | D:7      | Found a runed translucent gate.
  8321 | D:7      | Found a runed translucent gate.
  8323 | D:7      | Identified the +10 long sword "Fevilay" {vorpal, Int+8}
  8323 | D:7      | Identified the cursed +0 chain mail of Dogmatism {Dex+2}
  8325 | D:7      | Found a roughly hewn altar of Beogh.
  8758 | D:7      | Found Kafenus's Magic Scroll Boutique.
  8766 | D:7      | Bought a scroll of teleportation for 36 gold pieces
  8766 | D:7      | Bought a scroll of noise for 12 gold pieces
  8766 | D:7      | Bought a scroll of teleportation for 36 gold pieces
  8766 | D:7      | Bought a scroll of magic mapping for 42 gold pieces
  8766 | D:7      | Bought a scroll of identify for 24 gold pieces
  8766 | D:7      | Bought a scroll of identify for 24 gold pieces
  8766 | D:7      | Bought a scroll of brand weapon for 240 gold pieces
  8796 | D:7      | Noticed Duvessa
  8796 | D:7      | Noticed Dowan
  8809 | D:7      | Killed Duvessa
  8811 | D:7      | Killed Dowan
  9155 | D:7      | Found a glowing silver altar of Zin.
 10508 | D:8      | Found Gyz Bun's General Store.
 10517 | D:8      | Bought a potion of flight for 45 gold pieces
 10517 | D:8      | Bought a scroll of identify for 30 gold pieces
 10597 | D:8      | Noticed a two-headed ogre
 10600 | D:8      | Noticed a two-headed ogre
 10628 | D:8      | Killed a two-headed ogre
 10628 | D:8      | Reached skill level 5 in Invocations
 10628 | D:8      | Reached XP level 10. HP: 32/73 MP: 8/20
 10631 | D:8      | Killed a two-headed ogre
 10631 | D:8      | Reached skill level 5 in Fighting
 10631 | D:8      | Reached skill level 5 in Short Blades
 10631 | D:8      | Reached skill level 5 in Long Blades
 10631 | D:8      | Reached skill level 5 in Axes
 10631 | D:8      | Reached skill level 5 in Maces & Flails
 10631 | D:8      | Reached skill level 5 in Polearms
 10631 | D:8      | Reached skill level 5 in Staves
 10631 | D:8      | Reached skill level 5 in Slings
 10631 | D:8      | Reached skill level 5 in Bows
 10631 | D:8      | Reached skill level 5 in Crossbows
 10631 | D:8      | Reached skill level 5 in Throwing
 10631 | D:8      | Reached skill level 5 in Armour
 10631 | D:8      | Reached skill level 5 in Shields
 10631 | D:8      | Reached skill level 5 in Unarmed Combat
 10631 | D:8      | Reached skill level 5 in Evocations
 10934 | D:8      | Found a roughly hewn altar of Beogh.
 11040 | D:8      | Reached ** piety under Sif Muna
 11488 | D:9      | Noticed Erica
 11504 | D:9      | Noticed a centaur warrior
 11504 | D:9      | Shot with an arrow by a centaur warrior

Illustrated notes

Levels and vault maps discovered:
D:1:      eino_arrival_water_star, layout_basic,
          wander_ebering_terrifying_dragon_lair
D:2:      layout_loops_ring, chequers_ecumenical_altar_simple,
          item_on_display_a, uniq_terence
D:3:      layout_basic, portal_sewer_entry_b
D:4:      layout_basic, corexii_item_surrounded_by_moat, chequers_big_river,
          hangedman_abyss_or_decor_passed, minmay_joined_circles
D:5:      layout_loops_ring, minmay_temple_entry_mist, sigmund_army,
          uniq_eustachio
D:6:      layout_gridville
D:7:      layout_basic, lemuel_crystal_altar, biasface_ghost_orc_armoury,
          serial_glass, glass_columns_a, glass_columns_c, glass_columns_a,
          glass_columns_b, glass_columns_a, glass_columns_b, serial_shops,
          kennysheep_little_box, uniq_duvessa
D:8:      layout_basic, serial_shops, shop, special_room [special_room_orc]
D:9:      minmay_quarter_circles, layout_irregular_city,
          kennysheep_orc_monster_closet_entryway, serial_shops, shop,
          uniq_erica, uniq_erolcha
Temple:   compressed_dpeg_triangle_lava_temple

Skill      XL: |  1  2  3  4  5  6  7  8  9 10 |
---------------+-------------------------------+-----
Conjurations   | 2 3 4 |  4.8
Spellcasting   | 5 6 7 |  7.2
Invocations    | 1 2 3 4 5 |  5.6
Fighting       | 1 2 3 4 5 |  5.1
Short Blades   | 1 2 3 4 5 |  5.1
Long Blades    | 1 2 3 4 5 |  5.1
Axes           | 1 2 3 4 5 |  5.1
Maces & Flails | 1 2 3 4 5 |  5.1
Polearms       | 1 2 3 4 5 |  5.1
Staves         | 1 2 3 4 5 |  5.1
Slings         | 1 2 3 4 5 |  5.1
Bows           | 1 2 3 4 5 |  5.1
Crossbows      | 1 2 3 4 5 |  5.1
Throwing       | 1 2 3 4 5 |  5.1
Armour         | 1 2 3 4 5 |  5.1
Shields        | 1 2 3 4 5 |  5.1
Unarmed Combat | 1 2 3 4 5 |  5.1
Evocations     | 1 2 3 4 5 |  5.1
Hexes          | 1 2 3 4 |  4.2
Summonings     | 1 2 3 4 |  4.2
Necromancy     | 1 2 3 4 |  4.2
Translocations | 1 2 3 4 |  4.2
Transmutations | 1 2 3 4 |  4.2
Fire Magic     | 1 2 3 4 |  4.2
Ice Magic      | 1 2 3 4 |  4.2
Earth Magic    | 1 2 3 4 |  4.2
Poison Magic   | 1 2 3 4 |  4.2
Dodging        | 5 6 |  6.9
Stealth        | 5 6 |  6.7
Air Magic      | 6 7 |  7.0

Action                   |  1- 3 |  4- 6 |  7- 9 | 10-12 || total
-------------------------+-------+-------+-------+-------++-------
Melee: Whip              |    11 |     1 |       |       ||    12
       Bite              |     1 |     6 |     9 |     3 ||    19
       Halberd           |       |   113 |    76 |       ||   189
       Unarmed           |       |       |     8 |       ||     8
       Dagger            |       |       |    48 |       ||    48
       Spear             |       |       |    26 |    31 ||    57
       Punch             |       |       |       |     1 ||     1
 Cast: Shock             |    47 |    18 |    15 |       ||    80
       Static Discharge  |       |    18 |    24 |    11 ||    53
       Airstrike         |       |     6 |    77 |     8 ||    91
       Lightning Bolt    |       |       |     1 |     3 ||     4
       Swiftness         |       |       |     1 |       ||     1
Invok: Channel Magic     |       |       |     1 |     3 ||     4
Evoke: Wand              |       |       |     5 |     2 ||     7
  Use: Scroll            |       |     3 |    14 |       ||    17
       Potion            |       |       |     1 |       ||     1
 Stab: Sleeping          |     2 |    16 |     4 |       ||    22
       Distracted        |       |       |     1 |     1 ||     2
Armor: Robe              |     1 |    20 |    20 |     1 ||    42
       Skin              |       |       |     4 |       ||     4
Dodge: Dodged            |    10 |   101 |   214 |    17 ||   342

Table legend: (Time is in decaauts)
 A = Elapsed time spent in this place.
 B = Non-inter-level travel time spent in this place.
 C = Inter-level travel time spent in this place.
 D = Time resting spent in this place.
 E = Time spent auto-exploring this place.
 F = Levels seen in this place.
 G = Mean time per level.
                   A        B        C        D        E       F      G
               +--------+--------+--------+--------+--------+-----+--------+
         Total |  11608 |  11189 |    419 |   1193 |   8545 |  11 | 1055.3 |
       Dungeon |  11170 |  10761 |    409 |   1193 |   8173 |   9 | 1241.1 |
        Temple |    141 |    131 |     10 |      0 |    117 |   1 |  141.0 |
         Sewer |    296 |    296 |      0 |      0 |    255 |   1 |  296.0 |
               +--------+--------+--------+--------+--------+-----+--------+

Top non-repeatable levels by time:
     D:5: 2192 daAuts
     D:8: 1985 daAuts
     D:7: 1665 daAuts
     D:4: 1424 daAuts
     D:6: 1271 daAuts
     D:2: 1020 daAuts
     D:1: 960 daAuts
     D:3: 631 daAuts
   Sewer: 296 daAuts
  Temple: 141 daAuts
     D:9: 16 daAuts
